 Dungeon Crawl Stone Soup version 0.27-a0-394-g49c82dfaf2 (webtiles) character file.

Game seed: 17748585279135012457

50792 gimp the Gouger (level 14, -1/67 HPs)
             Began as a Felid Wanderer on Feb 19, 2021.
             Was the Champion of Zin.
             Slain by a jumping spider (15 damage)
             ... on level 2 of the Spider Nest on Feb 20, 2021.
             The game lasted 01:57:22 (54077 turns).

gimp the Gouger (Felid Wanderer)                   Turns: 54077, Time: 01:57:23

Health: -1/67      AC:  3    Str:  9    XL:     14   Next: 21%
Magic:  14/28      EV: 27    Int: 24    God:    Zin [******]
Gold:   3706       SH:  5    Dex: 17    Spells: 6/31 levels left
                                        Lives:  0   Deaths: 3

rFire    . . .     SeeInvis +     - Unarmed
rCold    + . .     Faith    .   (shield unavailable)
rNeg     . . .     Spirit   .   (armour unavailable)
rPois    .         Reflect  +   (helmet unavailable)
rElec    .         Harm     .   (cloak unavailable)
rCorr    .         Rampage  .   (gloves unavailable)
Will     +++..                  (boots unavailable)
Stlth    +++++.....             C - amulet of reflection
HPRegen  0.21/turn              t - +6 ring of intelligence
MPRegen  0.21/turn              A - ring of willpower

@: quick
A: very small, no armour, no weapons or thrown items, stealth, claws 1, fangs 3,
see invisible, speed 1, shaggy fur 3, sharp paws
a: Renounce Religion, Recite, Vitalisation, Imprison, Sanctuary, Donate Gold


You were on level 2 of the Spider Nest.
You worshipped Zin.
Zin was exalted by your worship.
You visited 4 branches of the dungeon, and saw 25 of its levels.
You also visited: Bailey and Volcano.

You collected 4556 gold pieces.
You spent 641 gold pieces at shops.
You donated 209 gold pieces to Zin.

Inventory:

Missiles
 G - 2 throwing nets
Jewellery
 m - a ring of flight
 n - an amulet of the acrobat
 s - a +6 ring of dexterity
 t - a +6 ring of intelligence (left paw)
 v - a ring of protection from cold
 A - a ring of willpower (right paw)
 C - an amulet of reflection (around neck)
 H - a ring of resist corrosion
Wands
 b - a wand of acid (4)
 c - a wand of iceblast (15)
 p - a wand of flame (33)
 r - a wand of mindburst (15)
 F - a wand of digging (8)
 M - a wand of paralysis (7)
Scrolls
 g - 9 scrolls of amnesia
 h - 9 scrolls of teleportation
 i - 2 scrolls of magic mapping
 k - 2 scrolls of blinking
 w - a scroll of silence
 y - a scroll of fog
 z - 9 scrolls of identify
 J - a scroll of summoning
 K - a scroll of holy word
Potions
 a - 2 potions of resistance
 d - 3 potions of brilliance
 e - 3 potions of haste
 j - 8 potions of curing
 l - a potion of ambrosia
 o - a potion of magic
 q - 4 potions of mutation
 u - 2 potions of cancellation
 x - 4 potions of might
 D - 2 potions of invisibility
 E - 3 potions of heal wounds
 I - a potion of flight
Miscellaneous
 f - a phial of floods (inert)
 B - a lightning rod (2/4)
 L - a phantom mirror


   Skills:
 - Level 11.0 Fighting
 - Level 11.0 Dodging
 - Level 11.0 Stealth
 - Level 12.1 Unarmed Combat
 - Level 9.0 Spellcasting
 + Level 11.1 Conjurations
 - Level 10.0 Fire Magic
 - Level 6.0 Ice Magic
 + Level 2.5 Earth Magic
 + Level 9.7 Invocations
 - Level 3.8 Evocations


You had 6 spell levels left.
You knew the following spells:

 Your Spells              Type           Power        Failure   Level
a - Bolt of Magma         Conj/Fire/Erth 24%          6%          5
b - Sticky Flame          Conj/Fire      57%          1%          4
c - Foxfire               Conj/Fire      100%         1%          1
d - Fireball              Conj/Fire      28%          2%          5
e - Ozocubu's Armour      Ice            39%          1%          3
f - Summon Ice Beast      Ice/Summ       25%          17%         4
g - Apportation           Tloc           20%          6%          1
h - Blink                 Tloc           N/A          9%          2

Your spell library contained the following spells:

 Spells                   Type           Power        Failure   Level
 Freeze                   Ice            100%         1%          1
 Magic Dart               Conj           100%         1%          1
 Conjure Flame            Conj/Fire      57%          1%          3
 Dazzling Flash           Conj/Hex       74%          1%          3
 Frozen Ramparts          Ice            78%          1%          3
 Hailstorm                Conj/Ice       51%          1%          4
 Iskenderun's Battlesphe  Conj           59%          1%          5
 Ensorcelled Hibernation  Hex/Ice        50%          2%          2
 Inner Flame              Hex/Fire       34%          2%          3
 Mephitic Cloud           Conj/Pois/Air  28%          3%          3
 Animate Skeleton         Necr           20%          6%          1
 Corona                   Hex            11%          6%          1
 Pain                     Necr           40%          6%          1
 Summon Small Mammal      Summ           40%          6%          1
 Call Imp                 Summ           10%          9%          2
 Corpse Rot               Necr/Air       N/A          9%          2
 Slow                     Hex            10%          9%          2
 Sublimation of Blood     Necr           5%           9%          2
 Confusing Touch          Hex            10%          17%         3
 Lesser Beckoning         Tloc           5%           17%         3
 Teleport Other           Tloc           10%          17%         3
 Tukima's Dance           Hex            10%          17%         3
 Vampiric Draining        Necr           5%           17%         3
 Ice Form                 Ice/Tmut       25%          17%         4
 Leda's Liquefaction      Hex/Erth       8%           34%         4
 Metabolic Englaciation   Hex/Ice        12%          43%         5
 Iron Shot                Conj/Erth      21%          47%         6
 Animate Dead             Necr           5%           50%         4
 Cause Fear               Hex            5%           50%         4
 Dispel Undead            Necr           10%          50%         4
 Passage of Golubria      Tloc           N/A          50%         4
 Freezing Cloud           Conj/Ice/Air   19%          65%         6
 Agony                    Necr           10%          85%         5
 Alistair's Intoxication  Tmut/Pois      6%           85%         5
 Summon Forest            Summ/Tloc      5%           85%         5
 Summon Mana Viper        Hex/Summ       10%          85%         5
 Simulacrum               Ice/Necr       12%          95%         6
 Death Channel            Necr           5%           100%        6
 Invisibility             Hex            10%          100%        6
 Shadow Creatures         Summ           N/A          100%        6
 Orb of Destruction       Conj           29%          45%         7
 Ozocubu's Refrigeration  Ice            19%          99%         7
 Spellforged Servitor     Conj/Summ      18%          99%         7
 Summon Hydra             Summ           5%           100%        7
 Disjunction              Tloc           5%           100%        8
 Portal Projectile        Hex/Tloc       Unusable     N/A         3
 Excruciating Wounds      Necr           Unusable     N/A         5

Dungeon Overview and Level Annotations

Branches:
Dungeon (15/15)            Temple (0/1) D:7            Lair (6/6) D:10
  Swamp (0/4) Lair:4       Spider (2/4) Lair:4        Slime (0/5) Lair:6
    Orc (2/2) D:10            Elf (0/3) Orc:2        Vaults (0/5) D:14
 Depths (0/5) D:15         Bailey (visited)         Volcano (visited)

Altars:
Fedhas
Nemelex Xobeh
Okawaru
Xom
Yredelemnul
Zin
The Shining One
Beogh

Shops:
D:13 *   D:15 *   Orc:1 *   Orc:2 ((:(*[[(

Annotations:
D:3 Eustachio
D:7 1 runed translucent door, Joseph
D:9 5 runed translucent doors
D:13 1 runed translucent door, exclusion: door
Lair:1 exclusion: 2 oklob plants
Lair:3 Gastronok
Lair:6 1 exclusion
Spider:1 Asterion


Innate Abilities, Weirdness & Mutations

You cannot wear armour.
You are incapable of wielding weapons or throwing items.
Your paws allow you to move quietly. (Stealth)
You have sharp claws.
You have razor-sharp teeth.
You have supernaturally acute eyesight. (SInv)
You cover ground quickly.
Your thick and shaggy fur keeps you warm. (AC +3, rC+)
Your sharp claws are effective at attacking unaware monsters.


Message History

You can't see any susceptible monsters within range! (Use Z to cast anyway.)
Aiming: Dig
Press: ? - help, Shift-Dir - straight line A rock wall.
The rock shatters into small pieces.
You start resting.
Magic restored.
MP restored: 28 You start resting.
A wolf spider is nearby!
You regained 9 hp, and now have 33/67 hp.
Casting: Bolt of Magma (dangerous; 6% risk of failure)
Confirm with . or Enter, or press ? or * to list all spells.
Aiming: Bolt of Magma (dangerous; 6% risk of failure)
Press: ? - help, Shift-Dir - straight line, f - wolf spider
Aim: a wolf spider (wandering, hasn't noticed you, 32% to evade)
The bolt of magma hits the wolf spider!!!
The wolf spider is heavily wounded.
You hear an angry hiss. x2
You now have 23/28 mp.
Casting: Bolt of Magma (dangerous; 6% risk of failure)
Confirm with . or Enter, or press ? or * to list all spells.
Aiming: Sticky Flame (dangerous; 1% risk of failure)
Press: ? - help, Shift-Dir - straight line, f/p - wolf spider
Aim: a wolf spider (heavily wounded, 0% to evade)
The sticky flame hits the wolf spider!
The wolf spider is severely wounded.
The wolf spider is covered in liquid flames!
The wolf spider burns!
The wolf spider hits you!!
* * * LOW HITPOINT WARNING * * *
The wolf spider misses you.
You take 19 damage, and have 14/67 hp.
MASSIVE DAMAGE!!
You now have 19/28 mp.
Casting: Sticky Flame (dangerous; 1% risk of failure)
Confirm with . or Enter, or press ? or * to list all spells.
Aiming: Bolt of Magma (dangerous; 6% risk of failure)
Press: ? - help, Shift-Dir - straight line, f - jumping spider
Aim: a jumping spider (40% to evade)
The bolt of magma misses the jumping spider.
The jumping spider pounces on you!
You die...

#.....##..##....s...#
#...>..####^........#
##.......#####(.....#
.#.......#...####...#
.##.....##.>....##..#
..###..##........#..#
.}..#..#........##..#
....##...........#.^#
.....#..........@#..#
.....##........s##.##
.....##..........#.##
...###.........s....#
.### ##^....##......#
## ##...##.......#
##.###.......#
###...#.....#
#....#####.##


You could see a wolf spider (burning) and a jumping spider.

Vanquished Creatures
  Louise (D:14)
  An orc warlord (Orc:1)
  An entropy weaver (Spider:2)
  A spark wasp (Spider:1)
  Snorg (Orc:2)
  3 boulder beetles
  4 vault guards (D:14)
  3 hydras
  An ogre mage (Orc:1)
  6 centaur warriors
  2 death knights
  8 two-headed ogres
  A tengu warrior (D:13)
  Urug (D:13)
  5 death yaks (Lair:3)
  An orc high priest (Orc:2)
  6 skeletal warriors
  3 unseen horrors
  An anaconda skeleton (Volcano)
  A phantasmal warrior (D:13)
  4 nameless horrors
  2 deep elf pyromancers
  A wizard (D:14)
  2 oklob plants (Lair:2)
  4 orb spiders
  2 lindwurms
  6 orc knights
  4 cyclopes
  5 wolf spiders
  10 ugly things
  5 orc sorcerers
  A manticore (D:15)
  5 elephants
  3 black mambas
  A moth of wrath (Spider:2)
  6 centaur skeletons
  6 gargoyles
  7 cane toads
  Psyche (D:8)
  An efreet (D:14)
  2 demonic crawlers
  6 komodo dragons
  2 rime drakes
  4 yaktaurs
  A queen bee (Lair:2)
  12 trolls
  6 jumping spiders
  3 hornets
  19 blink frogs
  A harpy skeleton (D:15)
  9 slime creatures
  A meliai zombie (D:13)
  3 flying skulls (Volcano)
  An alligator skeleton (Volcano)
  A vampire (D:13)
  3 wraiths
  39 redbacks
  4 wyverns
  15 tarantellas
  21 yaks
  3 humans
  10 basilisks
  A steam dragon (Lair:2)
  5 vampire mosquitoes (Lair:4)
  2 wargs
  4 swamp worms (Lair:4)
  2 acid dragons
  8 water moccasins
  A soldier ant (D:15)
  A black bear (D:11)
  41 orc warriors
  5 ice beasts
  4 sky beasts
  A hornet zombie (D:14)
  2 eyes of draining
  A boggart (D:13)
  13 ogres
  14 wolves
  4 phantoms
  11 centaurs
  3 kobold brigands
  17 bullfrogs
  A water moccasin skeleton (D:8)
  5 scorpions
  2 wyvern skeletons
  40 killer bees
  A spriggan skeleton (Volcano)
  2 electric eels (D:7)
  7 howler monkeys
  8 wights (D:6)
  A vampire bat (D:4)
  4 centaur zombies
  2 hounds
  A quasit (D:7)
  7 jellies
  21 orc priests
  7 bullfrog skeletons
  4 iguanas
  Terence (D:3)
  Natasha (thrice) (D:3)
  26 orc wizards
  9 worker ants
  2 naga skeletons (Volcano)
  A hound zombie (D:10)
  A hound skeleton (D:8)
  2 worker ant zombies (D:6)
  5 gnolls
  8 adders
  2 river rats (Lair:2)
  2 shadow imps (D:5)
  8 white imps
  5 oozes
  4 ufetubi
  An adder skeleton (D:10)
  A worm (D:3)
  2 dart slugs
  3 fire bats (D:4)
  4 leopard geckos
  92 orcs
  2 spectral bats (D:4)
  3 ball pythons
  3 bat skeletons (D:4)
  A bat zombie (D:4)
  4 giant cockroaches
  4 goblins
  10 hobgoblins
  9 jackals
  18 kobolds
  7 quokkas
  20 bats
  A bat simulacrum (D:4)
  5 frilled lizards
  2 quokka zombies
  7 rats
824 creatures vanquished.

Vanquished Creatures (collateral kills)
  An orc warlord (D:10)
  An entropy weaver (Spider:2)
  2 hydras (Lair:6)
  A death knight (D:11)
  A death yak (Lair:3)
  A wolf spider (Spider:1)
  An ugly thing (D:14)
  3 demonic crawlers (Spider:2)
  A blink frog (Lair:6)
  4 foxfires
16 creatures vanquished.

Vanquished Creatures (others)
  A redback (Spider:2)
  An orc wizard (Orc:2)
  3 orcs
  284 foxfires
  21 fungi
  41 plants
  A withered plant (D:2)
352 creatures vanquished.

Grand Total: 1192 creatures vanquished

Notes
Turn   | Place    | Note
-------+----------+-------------------------------------------
     0 | D:1      | gimp the Felid Wanderer began the quest for the Orb.
     0 | D:1      | gimp set off with the following items: a potion of berserk
                  | rage, a potion of lignification, a potion of curing
     0 | D:1      | Reached XP level 1. HP: 10/10 MP: 2/2
   534 | D:2      | Found a basalt altar of Yredelemnul.
   639 | D:2      | Noticed a howler monkey
   645 | D:2      | Killed a howler monkey
   646 | D:2      | Reached skill level 1 in Unarmed Combat
   646 | D:2      | Reached XP level 2. HP: 15/15 MP: 3/3
   646 | D:2      | Reached XP level 3. HP: 18/18 MP: 4/4
  1483 | D:2      | Reached XP level 4. HP: 22/22 MP: 5/5
  1710 | D:1      | Reached skill level 2 in Unarmed Combat
  2331 | D:3      | Noticed Natasha
  2343 | D:3      | HP: 1/22 [Natasha (8)]
  2348 | D:3      | Slain by a crimson imp
  2349 | D:3      | Reached XP level 3. HP: -1/18 MP: 4/4
  2392 | D:3      | Killed Natasha
  2393 | D:3      | Reached XP level 4. HP: 5/22 MP: 5/5
  2640 | D:3      | Noticed Natasha
  2642 | D:3      | Found a faded altar of an unknown god.
  2650 | D:3      | Killed Natasha
  2651 | D:3      | Reached skill level 5 in Fighting
  2678 | D:3      | Became a worshipper of Zin the Law-Giver
  2678 | D:3      | Reached * piety under Zin
  2678 | D:3      | Reached ** piety under Zin
  3057 | D:3      | Noticed Terence
  3062 | D:3      | Killed Terence
  3063 | D:3      | Reached skill level 3 in Unarmed Combat
  3226 | D:3      | Noticed Natasha
  3235 | D:3      | Killed Natasha
  3236 | D:3      | Reached XP level 5. HP: 21/26 MP: 6/6
  3396 | D:4      | Noticed Eustachio
  3644 | D:4      | Learned a level 1 spell: Apportation
  4267 | D:4      | HP: 1/26 [worker ant (8)]
  4635 | D:4      | Gained mutation: You are covered in thick fur. (AC +2)
                  | [Felid growth]
  4635 | D:4      | Reached XP level 6. HP: 24/30 MP: 7/7
  4637 | D:4      | Reached skill level 4 in Unarmed Combat
  4882 | D:4      | Reached skill level 5 in Dodging
  5436 | D:4      | Reached XP level 7. HP: 25/33 MP: 8/8
  5457 | D:4      | Reached skill level 5 in Unarmed Combat
  5599 | D:4      | Reached *** piety under Zin
  5723 | D:5      | Entered Level 5 of the Dungeon
  6039 | D:5      | Reached skill level 6 in Unarmed Combat
  6222 | D:5      | Reached XP level 8. HP: 31/37 MP: 9/9
  6289 | D:5      | Found a shimmering altar of Xom.
  7155 | D:6      | Reached skill level 7 in Unarmed Combat
  7375 | D:6      | Reached **** piety under Zin
  7411 | D:6      | Learned a level 4 spell: Sticky Flame
  7652 | D:6      | Reached skill level 1 in Conjurations
  7652 | D:6      | Reached skill level 1 in Fire Magic
  7929 | D:6      | Reached XP level 9. HP: 40/40 MP: 10/10
  8030 | D:6      | Reached skill level 10 in Dodging
  8044 | D:6      | Reached skill level 8 in Unarmed Combat
  8416 | D:7      | Noticed Joseph
  8538 | D:7      | Found a glowing golden altar of the Shining One.
  8538 | D:7      | Found a runed translucent door.
  8538 | D:7      | Noticed an angel
  8725 | D:7      | Found a flagged portal.
  8746 | Bailey   | Entered a bailey
  8772 | Bailey   | Learned a level 1 spell: Foxfire
  9272 | Bailey   | Found a burning altar of Makhleb.
  9333 | Bailey   | Reached ***** piety under Zin
  9333 | Bailey   | Reached ****** piety under Zin
  9435 | D:7      | Found a staircase to the Ecumenical Temple.
 10023 | D:8      | Noticed Psyche
 10024 | D:8      | Noticed a two-headed ogre
 10105 | D:8      | Killed Psyche
 11479 | D:8      | Found a sparkling altar of Nemelex Xobeh.
 11516 | D:8      | You fall into a shaft and drop 3 floors!
 11523 | D:10     | Entered Level 10 of the Dungeon
 11714 | D:9      | Found the +9 staff of Olgreb {rPois∞}
 11722 | D:9      | Found a runed translucent gate.
 11723 | D:9      | Found a runed translucent door.
 11727 | D:9      | Found a runed translucent gate.
 11734 | D:9      | Found a runed translucent gate.
 12109 | D:8      | Reached XP level 10. HP: 44/44 MP: 11/11
 12247 | D:9      | Found a blossoming altar of Fedhas.
 12435 | D:9      | You fall into a shaft and drop 3 floors!
 12437 | D:12     | Noticed a gargoyle
 12437 | D:12     | Noticed a two-headed ogre
 12448 | D:11     | Noticed a cyclops
 12454 | D:11     | Noticed a four-headed hydra
 12522 | D:10     | Reached skill level 9 in Unarmed Combat
 13104 | D:11     | Reached skill level 5 in Conjurations
 13104 | D:11     | Reached skill level 5 in Fire Magic
 13105 | D:11     | Noticed a deep elf pyromancer
 13170 | D:11     | Noticed a death knight
 13683 | D:10     | Found a staircase to the Orcish Mines.
 13769 | D:10     | Found a staircase to the Lair.
 14266 | D:9      | Found a runed translucent door.
 14487 | D:10     | HP: 2/44 [killer bee (9)]
 15358 | D:10     | Reached XP level 11. HP: 47/47 MP: 12/12
 15379 | D:11     | Noticed a purple ugly thing
 15425 | D:10     | Killed a purple ugly thing
 15593 | D:8      | Killed a two-headed ogre
 15876 | Lair:1   | Entered Level 1 of the Lair of Beasts
 16085 | Lair:1   | Reached skill level 10 in Unarmed Combat
 16419 | Lair:1   | Noticed an oklob plant
 16419 | Lair:1   | Noticed an oklob plant
 17724 | Lair:2   | Identified a scroll of acquirement
 17726 | Lair:2   | Acquired 1110 gold pieces
 17873 | Lair:2   | Reached skill level 1 in Spellcasting
 18516 | Lair:2   | Noticed an oklob plant
 19510 | Lair:2   | Reached skill level 11 in Unarmed Combat
 19510 | Lair:2   | Gained mutation: Your thick and shaggy fur keeps you warm.
                  | (AC +3, rC+) [Felid growth]
 19510 | Lair:2   | Reached XP level 12. HP: 34/51 MP: 10/20
 19601 | Lair:2   | Reached skill level 5 in Spellcasting
 20191 | Lair:2   | Learned a level 5 spell: Fireball
 20195 | Lair:2   | Learned a level 3 spell: Ozocubu's Armour
 20200 | Lair:2   | Learned a level 4 spell: Summon Ice Beast
 20420 | Lair:2   | Reached skill level 1 in Ice Magic
 20963 | Lair:3   | Noticed Gastronok
 22236 | Lair:4   | Noticed a death yak
 22237 | Lair:4   | Noticed a six-headed hydra
 22238 | Lair:4   | Noticed a death yak
 22238 | Lair:4   | Noticed a death yak
 22240 | Lair:4   | Noticed a death yak
 22356 | Lair:4   | Killed a six-headed hydra
 23270 | Lair:4   | Noticed a death yak
 23273 | Lair:4   | Noticed a death yak
 23321 | Lair:3   | Killed a death yak
 23865 | Lair:3   | Killed a death yak
 23990 | Lair:4   | Reached skill level 12 in Unarmed Combat
 24069 | Lair:4   | Acquired an amulet of reflection
 24123 | Lair:4   | Found a staircase to the Swamp.
 24164 | Lair:3   | Killed a death yak
 24587 | Lair:3   | Killed a death yak
 24684 | Lair:3   | Killed a death yak
 24685 | Lair:3   | Reached XP level 13. HP: 54/54 MP: 11/26
 24994 | Lair:4   | Found a hole to the Spider Nest.
 26394 | Lair:6   | Entered Level 6 of the Lair of Beasts
 26474 | Lair:6   | Reached skill level 5 in Ice Magic
 26561 | Lair:6   | Found a dark tunnel.
 26697 | Volcano  | Entered a volcano
 28116 | Lair:6   | Found a staircase to the Slime Pits.
 28884 | Orc:1    | Entered Level 1 of the Orcish Mines
 29164 | Orc:1    | Reached skill level 1 in Invocations
 29554 | Orc:2    | Entered Level 2 of the Orcish Mines
 29554 | Orc:2    | Found Haloxipe's Weapon Boutique.
 29555 | Orc:2    | Noticed an orc warlord
 31508 | D:10     | Killed an orc warlord
 31661 | Orc:1    | Reached XP level 14. HP: 45/64 MP: 21/28
 32106 | Orc:2    | Noticed an orc warlord
 32425 | Orc:2    | Noticed Snorg
 32831 | Orc:2    | Killed Snorg
 33815 | Orc:1    | Found Asiabef's Assorted Antiques.
 33819 | Orc:1    | Bought a scroll of identify for 52 gold pieces
 33819 | Orc:1    | Bought a wand of iceblast (6) for 104 gold pieces
 33819 | Orc:1    | Bought a scroll of blinking for 195 gold pieces
 33819 | Orc:1    | Bought a scroll of identify for 52 gold pieces
 33819 | Orc:1    | Bought a scroll of teleportation for 78 gold pieces
 33940 | Orc:1    | Killed an orc warlord
 33941 | Orc:1    | Reached skill level 10 in Fighting
 34075 | Orc:2    | Found a roughly hewn altar of Beogh.
 34087 | Orc:2    | Found Qakhlan's General Store.
 34315 | Orc:2    | Found Bocuula Kaun's Antique Weapon Shop.
 34566 | Orc:2    | Bought a potion of haste for 160 gold pieces
 34651 | Orc:2    | Learned a level 5 spell: Bolt of Magma
 34678 | Orc:2    | Found Eskiptu's Weapon Boutique.
 34706 | Orc:2    | Found Taonaj's Book Shop.
 34717 | Orc:2    | Found a staircase to the Elven Halls.
 34738 | Orc:2    | Found a roughly hewn altar of Beogh.
 34839 | Orc:2    | Found Ovysev's Antique Weapon Shop.
 34841 | Orc:2    | Found Ciasij's Armour Shoppe.
 34938 | Orc:2    | Found Kucyit's Antique Armour Shop.
 36205 | D:12     | Found an iron altar of Okawaru.
 36968 | D:11     | Reached skill level 10 in Fire Magic
 37344 | D:12     | Reached skill level 5 in Invocations
 38686 | D:13     | Noticed Urug
 38929 | D:13     | Found a runed translucent door.
 39140 | D:13     | Killed Urug
 40649 | D:13     | Found Ypnor's Pet Rocks.
 41336 | D:13     | Identified the +5 halberd of Excruciating Pain {vorpal,
                  | rPois}
 41570 | D:13     | Identified the Disquisition on the Ghastly Voyage
 41575 | D:13     | Learned a level 2 spell: Blink
 41755 | D:14     | Reached XP level 15. HP: 63/70 MP: 5/29
 42142 | D:13     | Identified the +2 mace of the Lesser Evil {vorpal, +Fly rC-
                  | rN+}
 43009 | D:14     | Noticed Louise
 43102 | D:14     | Killed Louise
 44130 | D:14     | Reached skill level 10 in Stealth
 44213 | D:14     | Found a gate to the Vaults.
 45477 | D:15     | Entered Level 15 of the Dungeon
 45480 | D:15     | Reached skill level 10 in Conjurations
 45806 | D:15     | Found a staircase to the Depths.
 45806 | D:15     | Noticed a fire giant
 47908 | D:15     | Reached skill level 1 in Evocations
 48543 | D:15     | Found Qojutet's Blood Bar.
 48631 | D:15     | Identified the Incunabulum of Glacial Evil Rituals
 48905 | Spider:1 | Entered Level 1 of the Spider Nest
 48906 | Spider:1 | Upgraded the game from 0.27-a0-385-g3208abaabc to
                  | 0.27-a0-394-g49c82dfaf2
 49658 | Spider:1 | Noticed Asterion
 49841 | Spider:1 | HP: 1/70 [Asterion/orb of electricity (46)]
 49844 | Spider:1 | Annihilated by Asterion
 49845 | Spider:1 | Reached XP level 14. HP: -33/67 MP: 8/28
 50951 | Spider:1 | Killed from afar by Asterion
 50952 | Spider:1 | Reached XP level 13. HP: -7/63 MP: 1/27
 51174 | Spider:2 | Noticed an entropy weaver
 51410 | Spider:2 | HP: 3/63 [entropy weaver (13)]
 51425 | Spider:2 | Killed an entropy weaver
 51752 | Spider:2 | Reached skill level 1 in Earth Magic
 51967 | Spider:2 | Reached XP level 14. HP: 64/67 MP: 6/28
 51979 | Spider:2 | HP: 2/67 [redback (9)]
 51980 | Spider:2 | Zin protects you from harm!
 54077 | Spider:2 | Slain by a jumping spider

Illustrated notes

Levels and vault maps discovered:
D:1:      mrwooster_arrival_statue_3, layout_rooms
D:2:      layout_rooms, amcnicky_mini_pool_small, yredelemnul_altar_generic
D:3:      layout_basic, chequers_ecumenical_altar_simple_redux, uniq_natasha,
          uniq_terence
D:4:      layout_rooms, goddamned_bats, uniq_eustachio
D:5:      layout_loops_ring, basic_altar
D:6:      layout_basic
D:7:      layout_basic, temple_hall, serial_bayou, serial_bayou_pond_e,
          serial_bayou_pond_c, serial_bayou_pond_a, serial_bayou_pond_d,
          enter_bailey_4, lemuel_angel_altar, uniq_joseph
D:8:      layout_gridville, basic_altar, uniq_psyche
D:9:      layout_irregular_city, fedhas_bush_and_centaur_altar,
          minmay_guarded_unrand_staff_of_olgreb
D:10:     minmay_polygon_palace, layout_loops_cross, david_orc_4
D:11:     layout_basic, serial_bayou_pond_d
D:12:     layout_cave_pools, okawaru_humans
D:13:     minmay_the_grid_triangle_9x9_rhombus_full_mashed
          [minmay_the_grid_triangle_9x9_flanged_cone,
          minmay_the_grid_triangle_9x9_dagger,
          minmay_the_grid_triangle_9x9_empty,
          minmay_the_grid_triangle_9x9_skeleton,
          minmay_the_grid_triangle_9x9_subtriangle,
          minmay_the_grid_triangle_9x9_limited_checkers,
          minmay_the_grid_triangle_9x9_thin_v,
          minmay_the_grid_triangle_9x9_prize_schism], layout_rooms,
          guppyfry_shop_earth, uniq_urug
D:14:     layout_basic, grunt_vaults_entry_fortified, minmay_stone_trees_small,
          uniq_louise
D:15:     grunt_enter_depths_giant_problem, layout_loops_ring,
          solitary_fountain, minmay_variable_closet, small_statue_intersection,
          guppyfry_shop_blood
Lair:1:   layout_regular_city, minmay_lair_oklob_chamber
Lair:2:   regret_index_harrowing_hell_hive, layout_chaotic_city
Lair:3:   layout_chaotic_city, wad_woods_road_03, small_statue_intersection,
          uniq_gastronok
Lair:4:   layout_small_grid, minmay_swamp_entry_swarm, spider_nest_entry_rubble,
          worms_lemuel
Lair:5:   layout_regular_city, infiniplex_staircase_pool
Lair:6:   cheibrodos_lair_end_hotspot, layout_concentric_octagons,
          nicolae_slime_entry_slimehenge, nicolae_volcano_entry_vermiform
Spider:1: layout_chambers, uniq_asterion
Spider:2: layout_spider_delve, hangedman_spider_tarantella_strand
Orc:1:    layout_diamond_mine, serial_shops, nicolae_shop_behind_doors
Orc:2:    grunt_orc_cross, layout_caves, serial_shops, nicolae_shop_statue_plus,
          nicolae_shop_trees, shop, shop_fountains, library_closet,
          nicolae_orc_lost_temple, uniq_snorg

Skill      XL: |  1  2  3  4  5  6  7  8  9 10 11 12 13 14 15 |
---------------+----------------------------------------------+-----
Fighting       | 4 5 9 11 | 11.0
Unarmed Combat | 1 3 4 6 7 8 9 11 12 | 12.1
Dodging        | 3 4 5 7 9 11 | 11.0
Conjurations   | 1 4 6 8 11 10 | 11.1
Fire Magic     | 1 4 6 8 9 10 | 10.0
Spellcasting   | 4 8 9 |  9.0
Ice Magic      | 4 6 |  6.0
Invocations    | 2 6 9 |  9.7
Stealth        | 8 11 | 11.0
Evocations     | 3 |  3.8
Earth Magic    | 1 2 |  2.5

Action                   |  1- 3 |  4- 6 |  7- 9 | 10-12 | 13-15 || total
-------------------------+-------+-------+-------+-------+-------++-------
Melee: Unarmed           |    86 |   249 |   521 |   597 |   549 ||  2002
       Bite              |     8 |    30 |    72 |   100 |    61 ||   271
       Punch             |       |     6 |    19 |    37 |    29 ||    91
 Cast: Foxfire           |       |       |    28 |   117 |    19 ||   164
       Apportation       |       |       |       |     4 |     4 ||     8
       Sticky Flame      |       |       |       |   107 |   191 ||   298
       Fireball          |       |       |       |    12 |   279 ||   291
       Summon Ice Beast  |       |       |       |     4 |    86 ||    90
       Ozocubu's Armour  |       |       |       |     1 |     2 ||     3
       Bolt of Magma     |       |       |       |       |   103 ||   103
       Blink             |       |       |       |       |     1 ||     1
Invok: Recite            |       |       |     1 |       |     2 ||     3
       Vitalisation      |       |       |       |     1 |     3 ||     4
Evoke: Wand              |       |       |    31 |    15 |    46 ||    92
       Lightning rod     |       |       |       |       |    22 ||    22
       Phial of floods   |       |       |       |       |     3 ||     3
       Phantom mirror    |       |       |       |       |     1 ||     1
  Use: Scroll            |       |    10 |    10 |    11 |     6 ||    37
       Potion            |       |     5 |       |     3 |     1 ||     9
 Stab: Sleeping          |     4 |    11 |    25 |     6 |    18 ||    64
       Distracted        |       |       |     4 |     1 |     6 ||    11
       Paralysed         |       |       |     3 |     2 |     5 ||    10
Armor: Skin              |     9 |    17 |    23 |    23 |    28 ||   100
Dodge: Dodged            |    89 |   267 |   467 |   841 |   818 ||  2482
Block: Other             |       |       |       |     2 |   195 ||   197
       Reflection        |       |       |       |       |     4 ||     4

Table legend: (Time is in decaauts)
 A = Elapsed time spent in this place.
 B = Non-inter-level travel time spent in this place.
 C = Inter-level travel time spent in this place.
 D = Time resting spent in this place.
 E = Time spent auto-exploring this place.
 F = Levels seen in this place.
 G = Mean time per level.
                   A        B        C        D        E       F      G
               +--------+--------+--------+--------+--------+-----+--------+
         Total |  49892 |  47506 |   2386 |  11062 |  27615 |  27 | 1847.9 |
       Dungeon |  27634 |  26192 |   1442 |   6807 |  14292 |  15 | 1842.3 |
          Lair |  10614 |  10167 |    447 |   1808 |   6508 |   6 | 1769.0 |
   Spider Nest |   4886 |   4886 |      0 |    301 |   3954 |   2 | 2443.0 |
  Orcish Mines |   5183 |   4687 |    496 |   1780 |   2050 |   2 | 2591.5 |
        Bailey |    567 |    567 |      0 |      0 |    397 |   1 |  567.0 |
       Volcano |   1006 |   1006 |      0 |    366 |    412 |   1 | 1006.0 |
               +--------+--------+--------+--------+--------+-----+--------+

Top non-repeatable levels by time:
    D:14: 5326 daAuts
   Orc:1: 3861 daAuts
    D:10: 3362 daAuts
Spider:2: 2903 daAuts
    D:11: 2889 daAuts
  Lair:2: 2842 daAuts
  Lair:3: 2344 daAuts
    D:12: 2002 daAuts
Spider:1: 1983 daAuts
  Lair:1: 1820 daAuts
     D:2: 1817 daAuts
    D:13: 1777 daAuts
  Lair:4: 1610 daAuts
     D:3: 1485 daAuts
     D:4: 1434 daAuts
